 Dungeon Crawl Stone Soup version 0.26-a0-1020-ge47f559bc5 (webtiles) character file.

Game seed: 1178827753159325559

22024 Ijustatesigmund the Cleaver (level 12, -45/90 HPs)
             Began as an Octopode Fighter on Dec 8, 2020.
             Was an Elder of Cheibriados.
             Killed from afar by a shadow dragon (47 damage)
             ... with a bolt of negative energy
             ... on level 13 of the Dungeon.
             The game lasted 00:34:56 (17870 turns).

Ijustatesigmund the Cleaver (Octopode Fighter)     Turns: 17870, Time: 00:34:57

Health: -45/90     AC:  6    Str: 28    XL:     12   Next: 96%
Magic:  13/18      EV: 19    Int: 20    God:    Cheibriados [****..]
Gold:   420        SH: 17    Dex: 23    Spells: 11/11 levels left

rFire    . . .     SeeInvis .   a - +0 broad axe (flame)
rCold    . . .     Faith    .   b - +0 kite shield
rNeg     . . .     Spirit   .   t - +1 hat
rPois    +         Reflect  +   D - amulet of reflection
rElec    .         Harm     .   e - ring of stealth
rCorr    .         Rampage  .   g - +4 ring of evasion
Will     .....     Rnd*Tele +   r - ring of poison resistance
Stlth    +++++++...             d - ring of stealth
HPRegen  0.25/turn              i - +4 ring of protection
MPRegen  0.16/turn              (no ring)
                                (no ring)
                                (no ring)

@: heavily drained, very slow
A: almost no armour, stealthy swim, amphibious, 8 rings, constrict 8, camouflage
1, strong 1, teleportitis 1, gelatinous body 1, MP-powered wands
a: Bend Time, Temporal Distortion, Slouch, Renounce Religion


You were on level 13 of the Dungeon.
You worshipped Cheibriados.
Cheibriados was greatly pleased with you.
You visited 2 branches of the dungeon, and saw 14 of its levels.
You also visited: Sewer and Ice Cave.

You collected 780 gold pieces.
You spent 360 gold pieces at shops.

Inventory:

Hand Weapons
 a - a +0 broad axe of flaming (weapon)
Missiles
 y - 6 atropa-tipped darts (quivered)
Armour
 b - a +0 kite shield (worn)
 t - a +1 hat (worn)
Jewellery
 d - a ring of stealth (on tentacle)
 e - a ring of stealth (left tentacle)
 g - a +4 ring of evasion (right tentacle)
 i - a +4 ring of protection (on tentacle)
 q - an uncursed ring of ice
 r - a ring of poison resistance (on tentacle)
 C - an uncursed ring of fire
 D - an amulet of reflection (around mantle)
Wands
 h - a wand of enslavement (8)
 p - a wand of disintegration (6)
 s - a wand of iceblast (5)
 u - a wand of polymorph (5)
 B - a wand of flame (15)
Scrolls
 f - a scroll of identify
 k - a scroll of fog
 l - a scroll of teleportation
 n - 8 scrolls of remove curse
 v - 2 scrolls of amnesia
 z - 4 scrolls of magic mapping
 A - 2 scrolls of immolation
Potions
 c - a potion of might
 j - 3 potions of curing
 m - a potion of ambrosia
 o - 3 potions of flight
 w - 2 potions of attraction
 x - a potion of brilliance
 F - 2 potions of lignification


   Skills:
 + Level 11.7(9.8) Fighting
 + Level 12.1(10.3) Axes
 - Level 6.7(5.0) Dodging
 - Level 9.2(7.5) Stealth
 - Level 6.7(5.0) Shields
 * Level 8.8(7.1) Invocations


You had 11 spell levels left.
You didn't know any spells.
Your spell library contained the following spells:

 Spells                   Type           Power        Failure   Level
 Bolt of Magma            Conj/Fire/Erth #.........   100%        5
 Iskenderun's Battlesphe  Conj           #.......     100%        5
 Iron Shot                Conj/Erth      #.........   100%        6
 Orb of Destruction       Conj           #.........   100%        7
 Spellforged Servitor     Conj/Summ      #.........   100%        7


Dungeon Overview and Level Annotations

Branches:
Dungeon (13/15)            Temple (1/1) D:5            Lair (0/6) D:9
    Orc (0/2) D:11          Sewer (visited)           IceCv (visited)
 Vaults: D:13-14

Altars:
Ashenzari
Cheibriados
Dithmenos
Elyvilon
Fedhas
Gozag
Hepliaklqana
Kikubaaqudgha
Makhleb
Nemelex Xobeh
Okawaru
Qazlal
Ru
Sif Muna
Trog
Uskayaw
Vehumet
Wu Jian
Xom
Yredelemnul
Zin
The Shining One

Shops:
D:5 =

Portals:
Trove: D:11 (give +6 demon trident)


Innate Abilities, Weirdness & Mutations

You cannot wear most types of armour.
You are very stealthy in the water. (Stealth+)
You are amphibious.
You can wear up to eight rings at the same time.
You can use your tentacles to constrict eight enemies at once.
Your skin changes colour to match your surroundings (Stealth+).
Your rubbery body absorbs attacks. (AC +1, EV +1)
Your muscles are strong. (Str +2)
You are occasionally teleported next to monsters.
You expend magic power (3 MP) to strengthen your wands.


Message History

Okay, then.
Okay, then.
You can feel time thicken for a moment.
Cheibriados lowers the support of your attributes as your movement quickens.
You block the shadow dragon's attack. x2; The shadow dragon closely misses you.
You feel better.
The shadow dragon breathes negative energy at you.
The bolt of negative energy misses you.
You slice the shadow dragon!! You burn the shadow dragon!
The shadow dragon is heavily wounded.
The shadow dragon closely misses you. The shadow dragon claws you!
* * * LOW HITPOINT WARNING * * *
You block the shadow dragon's attack.
You hit the shadow dragon. You burn the shadow dragon.
Your squeeze misses the shadow dragon.
The shadow dragon is heavily wounded.
The shadow dragon breathes negative energy at you.
The bolt of negative energy hits you!!!
You feel drained.
Ouch! That really hurt!
You die...

##.# #..C......#...##..# #(##
#............##DY## #..#
#...........##CY##p
##.###............##YY## #######
#..##.............##Y.# ......#
####.##..............##..
......###....###.############.##.
....|........# #D# .##
......###.[..###@# #
.......)......##.#
.......#รท...#.##.#
...[...#....#..#.#
......<#....##.#.#
....[.##....##...#
.[....'.....###..#
......###...###..# ......#
#.......>#


You could see a shadow dragon (catching breath).

Vanquished Creatures
  The ghost of Perttuleena the Blocker, a journeyman DsFi of Wu Jian (D:13)
  2 boulder beetles (D:12)
  A two-headed ogre (D:8)
  2 unseen horrors
  Pikel (D:5)
  A mana viper (shapeshifter) (D:13)
  A deep elf mage (D:13)
  A manticore (D:12)
  4 ugly things
  3 cyclopes
  2 ice statues (IceCv)
  Maurice (D:10)
  2 rime drakes (D:12)
  A troll (shapeshifter) (D:11)
  8 trolls
  2 hornets
  6 slime creatures (D:12)
  A vampire (D:12)
  A wraith (D:12)
  3 yaks (D:11)
  2 wyverns
  Eustachio (D:6)
  3 wargs (D:11)
  3 acid dragons
  Menkaure (D:5)
  8 ice beasts
  3 phantoms
  A black bear (D:9)
  3 orc warriors
  3 sky beasts
  5 ogres
  3 wolves (D:9)
  6 centaurs
  Blork the orc (D:6)
  4 big kobolds
  9 bullfrogs
  A wyvern zombie (D:11)
  A wyvern skeleton (D:11)
  6 scorpions
  13 wights
  3 killer bees (D:7)
  6 howler monkeys
  2 bullfrog zombies
  A quasit (D:7)
  A centaur zombie (D:6)
  13 hounds
  2 jellies
  7 orc priests
  A centaur skeleton (D:7)
  5 bullfrog skeletons
  4 iguanas
  9 orc wizards
  12 worker ants
  A killer bee zombie (D:10)
  3 hound skeletons
  Robin (D:2)
  A gnoll (D:3)
  17 adders
  4 river rats
  A shadow imp (D:6)
  A white imp (D:7)
  2 ufetubi
  3 oozes
  An adder skeleton (D:5)
  A worm (D:3)
  2 dart slugs (D:1)
  5 leopard geckos
  41 orcs
  9 giant cockroaches
  19 goblins
  6 hobgoblins
  8 jackals
  3 quokkas
  11 ball pythons
  9 bats
  4 frilled lizards
  A jackal zombie (D:5)
  27 kobolds
  A leopard gecko zombie (D:6)
  28 rats
397 creatures vanquished.

Vanquished Creatures (collateral kills)
  A hound (D:8)
1 creature vanquished.

Vanquished Creatures (others)
  An orc (D:8)
1 creature vanquished.

Grand Total: 399 creatures vanquished

Notes
Turn   | Place    | Note
-------+----------+-------------------------------------------
     0 | D:1      | Ijustatesigmund the Octopode Fighter began the quest for
                  | the Orb.
     0 | D:1      | Reached XP level 1. HP: 16/16 MP: 1/1
    81 | D:1      | Reached XP level 2. HP: 21/21 MP: 2/2
   106 | D:1      | Reached skill level 3 in Axes
   381 | D:1      | Reached XP level 3. HP: 26/26 MP: 3/3
   897 | D:2      | Identified the +2 helmet "Yrriemp" {rPois Str+3 Int+3}
   897 | D:2      | Noticed Robin
   902 | D:2      | Reached skill level 4 in Axes
   902 | D:2      | Reached XP level 4. HP: 27/31 MP: 4/4
   905 | D:2      | Killed Robin
  1459 | D:3      | Reached XP level 5. HP: 33/36 MP: 5/5
  1565 | D:3      | Reached skill level 5 in Axes
  2058 | D:4      | Reached XP level 6. HP: 33/43 MP: 6/6
  2656 | D:4      | You fall into a shaft and drop 1 floor!
  2656 | D:5      | Entered Level 5 of the Dungeon
  2656 | D:5      | Found a sparkling altar of Nemelex Xobeh.
  2661 | D:5      | Noticed Menkaure
  2669 | D:5      | Killed Menkaure
  2670 | D:5      | Reached skill level 5 in Fighting
  2670 | D:5      | Reached skill level 6 in Axes
  2670 | D:5      | Reached XP level 7. HP: 33/50 MP: 7/7
  2899 | D:4      | Noticed Pikel
  3024 | D:5      | Killed Pikel
  3025 | D:5      | Reached skill level 7 in Axes
  3025 | D:5      | Reached XP level 8. HP: 22/58 MP: 8/8
  3560 | D:4      | Found a broken altar of Ashenzari.
  4020 | D:5      | Found a staircase to the Ecumenical Temple.
  4027 | Temple   | Entered the Ecumenical Temple
  4174 | D:5      | Reached skill level 8 in Axes
  4397 | D:5      | Found a stormy altar of Qazlal.
  4530 | D:5      | Found Deduat's Jewellery Shop.
  5028 | D:6      | Reached XP level 9. HP: 59/66 MP: 9/9
  5233 | D:6      | Reached skill level 9 in Axes
  5348 | D:6      | Found a glowing drain.
  5352 | Sewer    | Entered a sewer
  6101 | D:6      | Noticed Eustachio
  6107 | D:6      | Found a white marble altar of Elyvilon.
  6118 | D:6      | Killed Eustachio
  6732 | D:6      | Reached skill level 10 in Axes
  6759 | D:6      | Noticed Blork the orc
  6770 | D:6      | Killed Blork the orc
  7153 | D:7      | Reached XP level 10. HP: 38/74 MP: 10/10
  8521 | D:7      | Found an opulent altar of Gozag.
  8521 | D:7      | Found a glowing silver altar of Zin.
  8752 | D:8      | Found a hide-covered altar of Uskayaw.
  8752 | D:8      | Found an iron altar of Okawaru.
  8754 | D:8      | Found a shadowy altar of Dithmenos.
  8754 | D:8      | Found an ancient bone altar of Kikubaaqudgha.
  8754 | D:8      | Found a basalt altar of Yredelemnul.
  8789 | D:8      | Found a stormy altar of Qazlal.
  8918 | Temple   | Became a worshipper of Cheibriados the Contemplative
  9131 | D:8      | Found a shimmering blue altar of Sif Muna.
  9351 | D:5      | Bought an uncursed amulet of reflection for 360 gold pieces
  9544 | D:8      | Noticed a two-headed ogre
  9560 | D:8      | Killed a two-headed ogre
  9561 | D:8      | Reached skill level 10 in Fighting
  9561 | D:8      | Reached skill level 1 in Invocations
  9833 | D:8      | Reached skill level 5 in Dodging
  9833 | D:8      | Reached skill level 5 in Shields
  9834 | D:8      | Gained mutation: You are occasionally teleported next to
                  | monsters. [potion of mutation]
  9834 | D:8      | Gained mutation: You expend magic power (3 MP) to
                  | strengthen your wands. [potion of mutation]
  9834 | D:8      | Gained mutation: Your muscles are strong. (Str +2) [potion
                  | of mutation]
 10301 | D:9      | Reached * piety under Cheibriados
 10360 | D:9      | Found a staircase to the Lair.
 10588 | D:9      | Reached XP level 11. HP: 64/82 MP: 13/13
 10778 | D:9      | Found a glowing golden altar of the Shining One.
 11011 | D:9      | Reached skill level 11 in Axes
 11024 | D:9      | Noticed a cyclops
 11038 | D:9      | Killed a cyclops
 11501 | D:10     | Entered Level 10 of the Dungeon
 11574 | D:10     | Reached ** piety under Cheibriados
 11615 | D:10     | Noticed Maurice
 11623 | D:10     | Killed Maurice
 12705 | D:10     | Noticed a cyclops
 12718 | D:10     | Killed a cyclops
 12876 | D:11     | Reached skill level 5 in Stealth
 12886 | D:11     | Noticed a cyclops
 12896 | D:11     | Killed a cyclops
 13076 | D:11     | Found a staircase to the Orcish Mines.
 13080 | D:11     | Noticed a brown ugly thing
 13098 | D:11     | Killed a brown ugly thing
 13485 | D:11     | Identified a scroll of acquirement
 13487 | D:11     | Acquired a +0 broad axe of flaming
 13575 | D:11     | Reached *** piety under Cheibriados
 13847 | D:11     | Noticed a wolf spider
 14318 | D:11     | Found a portal to a secret trove of treasure.
 14427 | D:11     | Killed an unseen horror
 14672 | D:12     | Noticed a manticore
 14675 | D:12     | Killed a manticore
 14825 | D:12     | Noticed a boulder beetle
 14840 | D:12     | Found a frozen archway.
 14847 | D:12     | Reached XP level 12. HP: 78/89 MP: 15/15
 14851 | IceCv    | Entered an ice cave
 14869 | IceCv    | Reached skill level 5 in Invocations
 14872 | IceCv    | Found a transporter.
 15099 | IceCv    | Found a transporter.
 15359 | D:12     | Noticed a boulder beetle
 15497 | D:12     | Killed a boulder beetle
 15592 | D:12     | Reached **** piety under Cheibriados
 16541 | D:12     | Killed a boulder beetle
 17122 | D:13     | Noticed an ettin
 17126 | D:13     | Noticed a shadow dragon
 17127 | D:13     | Noticed a death knight
 17167 | D:13     | Reached skill level 12 in Axes
 17302 | D:13     | Found a runed translucent door.
 17303 | D:13     | Noticed Perttuleena's ghost (journeyman DsFi)
 17315 | D:13     | Killed Perttuleena's ghost
 17869 | D:13     | HP: 1/90 [shadow dragon (10)]
 17870 | D:13     | Killed from afar by a shadow dragon

Illustrated notes

Levels and vault maps discovered:
D:1:      mrwooster_arrival_statue_3, layout_loops_ring
D:2:      layout_rooms, grunt_ministairs_1, minmay_misc_feat_chi, hex_medium,
          uniq_robin
D:3:      minmay_evil_eye, layout_loops_ring
D:4:      layout_basic, cheibrodos_ashenzari_chains, uniq_pikel
D:5:      layout_layer_cave, nemelex_xobeh_ov_fountains_minmay,
          overflow_temple_1_default, minmay_temple_entry_mist,
          minmay_shop_enchanted_jewellery, uniq_menkaure
D:6:      layout_basic, elyvilon_altar_3, gup_sewer_entry_spiral,
          uniq_eustachio, uniq_blork_the_orc
D:7:      layout_loops_ring, grunt_temple_overflow_gold_and_silver
D:8:      layout_basic, grunt_temple_overflow_open,
          nicolae_overflow_crystal_walls, basic_altar
D:9:      layout_stronghold, nicolae_tso_carved_into_rock, erik_lair_island
D:10:     layout_stronghold, uniq_maurice
D:11:     layout_cave_pods, minmay_orc_entry_guard_dogs,
          nicolae_trove_entry_columns, lightli_corner_chamber
D:12:     layout_loops_corners, portal_ice_cave_rime, corner_web_ring
D:13:     layout_basic, gammafunk_ghost_grave, minmay_diamond_spiral
Temple:   nicolae_temple_figure_zero

Skill      XL: |  1  2  3  4  5  6  7  8  9 10 11 12 |
---------------+-------------------------------------+-----
Axes           | 3 4 5 6 7 8 10 11 12 | 12.1
Fighting       | 4 5 6 7 9 10 11 | 11.7
Dodging        | 5 6 |  6.7
Shields        | 5 6 |  6.7
Invocations    | 3 4 8 |  8.8
Stealth        | 9 |  9.2

Action                   |  1- 3 |  4- 6 |  7- 9 | 10-12 || total
-------------------------+-------+-------+-------+-------++-------
Melee: War axe           |    48 |    90 |    69 |       ||   207
       Tentacles         |     9 |    22 |    65 |   184 ||   280
       Constrict         |    13 |    19 |    67 |    66 ||   165
       Unarmed           |       |       |     7 |       ||     7
       Hand axe          |       |       |   191 |   310 ||   501
       Broad axe         |       |       |       |   201 ||   201
Throw: Dart              |       |       |       |     8 ||     8
Invok: Slouch            |       |       |       |     2 ||     2
Evoke: Wand              |       |       |       |    11 ||    11
  Use: Scroll            |     4 |     3 |    13 |    17 ||    37
       Potion            |     1 |     1 |     1 |    13 ||    16
 Stab: Sleeping          |    10 |    12 |    19 |    44 ||    85
       Distracted        |       |       |     2 |     2 ||     4
       Invisible         |       |       |       |     7 ||     7
Armor: Skin              |     4 |     4 |     4 |    23 ||    35
Dodge: Dodged            |    24 |    46 |   118 |   250 ||   438
Block: Kite shield       |    15 |    33 |    74 |   314 ||   436
       Reflection        |       |       |       |    10 ||    10

Table legend: (Time is in decaauts)
 A = Elapsed time spent in this place.
 B = Non-inter-level travel time spent in this place.
 C = Inter-level travel time spent in this place.
 D = Time resting spent in this place.
 E = Time spent auto-exploring this place.
 F = Levels seen in this place.
 G = Mean time per level.
                   A        B        C        D        E       F      G
               +--------+--------+--------+--------+--------+-----+--------+
         Total |  20086 |  19085 |   1001 |   4856 |  11127 |  16 | 1255.4 |
       Dungeon |  18809 |  17846 |    963 |   4373 |  10682 |  13 | 1446.8 |
        Temple |    146 |    108 |     38 |      0 |    107 |   1 |  146.0 |
         Sewer |    690 |    690 |      0 |    163 |    338 |   1 |  690.0 |
      Ice Cave |    440 |    440 |      0 |    320 |      0 |   1 |  440.0 |
               +--------+--------+--------+--------+--------+-----+--------+

Top non-repeatable levels by time:
    D:12: 2641 daAuts
    D:11: 2397 daAuts
     D:6: 1862 daAuts
     D:9: 1833 daAuts
     D:7: 1668 daAuts
    D:10: 1542 daAuts
     D:4: 1538 daAuts
     D:5: 1260 daAuts
     D:8: 1223 daAuts
    D:13: 820 daAuts
     D:1: 762 daAuts
   Sewer: 690 daAuts
     D:3: 649 daAuts
     D:2: 609 daAuts
   IceCv: 440 daAuts
